 Dungeon Crawl Stone Soup version 0.23-a0-860-g8ff03fb (webtiles) character file.

296 Amnesiac the Cutter (level 6, 0/37 HPs)
             Began as a Tengu Fighter on Jan 28, 2019.
             Killed from afar by an orc wizard (7 damage)
             ... with a puff of flame
             ... on level 4 of the Dungeon.
             The game lasted 00:05:02 (2311 turns).

Amnesiac the Cutter (Tengu Fighter)                 Turns: 2311, Time: 00:05:03

Health: 0/37       AC:  6    Str: 16 (18) XL:     6   Next: 35%
Magic:  7/7        EV:  6    Int:  7 (8)  God:
Gold:   132        SH:  8    Dex: 12 (14) Spells: 5/5 levels left

rFire    . . .     SeeInvis .   a - +0 rapier
rCold    . . .     Gourm    .   c - +0 shield
rNeg     . . .     Faith    .   b - +0 scale mail
rPois    .         Spirit   .   (helmet restricted)
rElec    .         Reflect  .   (no cloak)
rCorr    .         Harm     .   (no gloves)
MR       .....                  (boots unavailable)
Stlth    ..........             (no amulet)
HPRegen  0.12/turn              (no ring)
MPRegen  0.10/turn              (no ring)

@: lethally poisoned (0 -> -2)
A: beak, talons 3, able to fly
a: Fly


You were on level 4 of the Dungeon.
You were not hungry.

You visited 1 branch of the dungeon, and saw 4 of its levels.
You also visited: Sewer.

You collected 132 gold pieces.

Inventory:

Hand Weapons
 a - a +0 rapier (weapon)
Armour
 b - a +0 scale mail (worn)
 c - a +0 shield (worn)
 o - a +1 pair of gloves
Wands
 i - a wand of acid (9)
Scrolls
 g - a scroll of fog {!r, unknown}
 j - a scroll of random uselessness {!r, unknown}
 l - 3 scrolls of fear {!r, unknown}
 m - 2 scrolls of teleportation {!r}
 q - a scroll of amnesia {!r, unknown}
Potions
 d - a potion of might {!q}
 h - 3 potions of curing {!q}
 k - 3 potions of flight {!q}
 n - a potion of degeneration {!q}
 p - a potion of mutation {!q, unknown}
 s - a potion of berserk rage {!q, unknown}
Comestibles
 f - 2 rations
 r - a chunk of flesh


   Skills:
 - Level 3.0 Fighting
 + Level 7.1 Short Blades
 - Level 3.2 Armour
 - Level 3.0 Shields


You had 5 spell levels left.
You didn't know any spells.
Your spell library was empty.

Dungeon Overview and Level Annotations

Branches:
Dungeon (4/15)
 Temple: D:4-7

Altars:
Cheibriados
Makhleb


Innate Abilities, Weirdness & Mutations

You have a beak for a mouth.
You have claws for feet.
You can fly continuously.


Message History

You closely miss the hound.
The hound is heavily wounded.
You block the hound's attack.
The hound stops to sniff the ground.
The hound bites you.
* * * LOW HITPOINT WARNING * * *
You hit the hound. You claw the hound.
You kill the hound!
Your Short Blades skill increases to level 7!
You hit the worker ant but do no damage.
You claw the worker ant, but do no damage.
You peck the worker ant.
The worker ant is lightly wounded.
The worker ant completely misses you.
You hit the worker ant but do no damage.
You claw the worker ant.
The worker ant is moderately wounded.
The worker ant barely misses you.
You barely miss the worker ant.
The worker ant is moderately wounded.
You block the worker ant's attack.
You closely miss the worker ant.
The worker ant is moderately wounded.
The worker ant bites you.
* * * LOW HITPOINT WARNING * * *
The worker ant bites you.
* * * LOW HITPOINT WARNING * * *
You are poisoned.
The worker ant poisons you!
You hit the worker ant.
The worker ant is heavily wounded.
You feel sick.
The worker ant bites you but does no damage.
You hit the worker ant.
You peck the worker ant, but do no damage.
The worker ant is severely wounded.
You block the worker ant's attack.
You hit the worker ant.
The worker ant is severely wounded.
You feel sick. You block the worker ant's attack.
You hit the worker ant.
You kill the worker ant!
You feel your strength returning.
The orc wizard looks braver for a moment.
You puncture the jackal skeleton!
You destroy the jackal skeleton!
You feel sick.
You hit the orc wizard.
The orc wizard is lightly wounded.
You block the orc wizard's attack.
Your shield and scale mail prevent you from hitting the orc wizard.
You peck the orc wizard.
The orc wizard is lightly wounded.
The orc wizard miscasts a cantrip.
You hit the orc wizard but do no damage.
The orc wizard is lightly wounded.
You feel sick.
The orc wizard hits you but does no damage.
You puncture the orc wizard!
You peck the orc wizard, but do no damage.
The orc wizard is severely wounded.
The orc wizard casts a spell at you. The puff of flame hits you!
You die...

. ......... #.
........
####.##....w###
...............
#.........#
#..)#.?.#
#..).)..#
#......o######..#
####..ooo@.......
##..o######### #
#..## ## ###
##..# ###.
#.#+#...# #..#
#.......# #.#.
#.......# #.##
##...###.# #. #
.#####...## #.#
#.


You could see an orc wizard and 4 orcs.

Vanquished Creatures
  2 hounds (D:4)
  A bullfrog skeleton (D:4)
  An orc wizard (D:4)
  A worker ant (D:4)
  An adder (Sewer)
  A river rat (D:3)
  4 oozes
  6 worms
  3 dart slugs
  3 leopard geckos
  14 orcs
  9 bats
  3 giant cockroaches
  5 hobgoblins
  8 jackals
  5 kobolds
  A quokka (D:3)
  A ball python (D:3)
  6 frilled lizards
  A goblin (D:1)
  A jackal skeleton (D:4)
  A quokka skeleton (D:4)
  3 rats
81 creatures vanquished.

Notes
Turn   | Place    | Note
-------+----------+-------------------------------------------
     0 | D:1      | Amnesiac the Tengu Fighter began the quest for the Orb.
     0 | D:1      | Reached XP level 1. HP: 14/14 MP: 2/2
    25 | D:1      | Reached skill level 3 in Short Blades
    25 | D:1      | Reached XP level 2. HP: 9/19 MP: 3/3
   355 | D:3      | Reached XP level 3. HP: 18/23 MP: 4/4
   408 | D:4      | Reached skill level 4 in Short Blades
   408 | D:4      | Reached XP level 4. HP: 11/28 MP: 5/5
   545 | D:3      | Reached skill level 5 in Short Blades
   601 | D:3      | Found a burning altar of Makhleb.
   776 | D:3      | Found a snail-covered altar of Cheibriados.
   827 | D:3      | Found a glowing drain.
   831 | Sewer    | Entered a sewer
   838 | Sewer    | Gained mutation: You can fly continuously. [Tengu growth]
   838 | Sewer    | Reached XP level 5. HP: 16/32 MP: 6/6
  1426 | Sewer    | Reached skill level 6 in Short Blades
  2286 | D:4      | Reached XP level 6. HP: 11/37 MP: 7/7
  2291 | D:4      | HP: 1/37 [orc/+0 whip (1)]
  2298 | D:4      | Reached skill level 7 in Short Blades
  2311 | D:4      | Killed from afar by an orc wizard

Vault maps used:
D:1:      tarquinn_simple_flora_water_b
D:2:      zin_purify, lemuel_round_altar, nemelex_xobeh_ov_fountains_minmay,
          serial_aquarium, aquarium_bridge_square, aquarium_bridge_square,
          aquarium_window_fake, aquarium_window_corner, aquarium_view_2c,
          aquarium_view_2b, aquarium_pool_corner, minmay_hedge_maze
D:3:      kennysheep_slug_shrine, lemuel_round_altar, gup_sewer_entry_bowl
D:4:      grunt_gozag_breadcrumbs, minmay_misc_feat_alley, minmay_joined_circles
Sewer:    sewer_fruit_machine

Skill      XL: |  1  2  3  4  5  6 |
---------------+-------------------+-----
Short Blades   | 3 4 5 6 7 |  7.1
Fighting       | |  3.0
Armour         | |  3.2
Shields        | |  3.0

Action                   |  1- 3 |  4- 6 || total
-------------------------+-------+-------++-------
Melee: Rapier            |    52 |   171 ||   223
       Kick              |    11 |    49 ||    60
       Peck              |     4 |    29 ||    33
  Use: Scroll            |       |     1 ||     1
       Potion            |       |     4 ||     4
  Eat: Chunk             |       |     5 ||     5
Armor: Scale mail        |    16 |    66 ||    82
Dodge: Dodged            |    19 |    64 ||    83
Block: Shield            |    23 |    90 ||   113

Table legend:
 A = Non-vault XP
 B = Vault XP
 C = Vault XP percentage of total XP
 D = Non-vault monster count
 E = Vault monster count
 F = Vault count percentage of total count
                 A         B        C        D         E       F
            +---------+---------+-------+---------+---------+-------
      Total |     324 |     100 |  23.6 |      53 |      28 |  34.6
            +---------+---------+-------+---------+---------+-------
        D:1 |      22 |       0 |   0.0 |      10 |       0 |   0.0
        D:2 |       7 |       0 |   0.0 |       2 |       0 |   0.0
        D:3 |      76 |      23 |  23.2 |      31 |       4 |  11.4
        D:4 |     219 |       0 |   0.0 |      10 |       0 |   0.0
      Sewer |       0 |      77 | 100.0 |       0 |      24 | 100.0
            +---------+---------+-------+---------+---------+-------
